 Dungeon Crawl Stone Soup version 0.29.0 (webtiles) character file.

Game seed: 5671309684005280369

6309 XZede the Cruncher (level 10, -3/87 HPs)
             Began as a Demonspawn Berserker on Aug 30, 2022.
             Was a Priest of Trog.
             Slain by a yak (9 damage)
             ... on level 9 of the Dungeon.
             The game lasted 00:29:26 (9272 turns).

XZede the Cruncher (Demonspawn Berserker)           Turns: 9272, Time: 00:29:26

Health: -3/87      AC: 10    Str: 22    XL:     10   Next: 64%
Magic:  10/10      EV: 12    Int:  9    God:    Trog [***...]
Gold:   313        SH:  0    Dex: 21    Spells: 9/9 levels left

rFire   . . .      SeeInvis .   n - +5 quarterstaff (chaos)
rCold   . . .      Faith    .   (shield currently unavailable)
rNeg    . . .      Spirit   .   A - +4 robe "Meweo" {Dex+3}
rPois   .          Reflect  .   (helmet restricted)
rElec   .          Harm     .   o - +1 cloak
rCorr   .          Rampage  .   (no gloves)
Will    ++...                   (no boots)
Stlth   ++........              C - amulet of the acrobat
HPRegen 1.24/turn               l - +6 ring of dexterity
MPRegen 0.12/turn               (no ring)

@: about to teleport, strong-willed, on berserk cooldown, regenerating, studying
Staves
A: antennae 2, powered by death 1, sharp scales 2
a: Renounce Religion, Berserk, Trog's Hand


You were on level 9 of the Dungeon.
You worshipped Trog.
Trog was most pleased with you.
You visited 1 branch of the dungeon, and saw 9 of its levels.

You collected 313 gold pieces.

Inventory:

Hand Weapons
 n - a +5 quarterstaff of chaos (weapon)
 q - the +1 battleaxe of Gozag's Favour {drain, rElec}
   (You found it on level 3 of the Dungeon)

   A truly terrible weapon, it drains the life of any living foe it strikes.
   rElec:     It insulates you from electricity.
Missiles
 a - a throwing net (quivered)
Armour
 b - +0 steam dragon scales
 o - a +1 cloak (worn)
 A - the +4 robe "Meweo" (worn) {Dex+3}
   (You found it on level 7 of the Dungeon)

   Dex:       It affects your dexterity (+3).
Jewellery
 l - a +6 ring of dexterity (left hand)
 y - a ring of flight
 C - an amulet of the acrobat (around neck)
Wands
 r - a wand of acid (5)
 t - a wand of flame (14)
Scrolls
 c - 3 scrolls of teleportation
 e - a scroll of identify
 f - 2 scrolls of poison
Potions
 d - 2 potions of attraction
 i - a potion of lignification {unknown}
 j - 3 potions of invisibility
 k - a potion of degeneration
 m - 2 potions of cancellation
 p - 3 potions of brilliance
 s - 3 potions of curing
 v - a potion of magic {unknown}
 x - 3 potions of mutation
 B - a potion of flight {unknown}


   Skills:
 * Level 11.0 Fighting
 - Level 2.1(3.0) Axes
 - Level 3.2(9.6) Polearms
 - Level 13.8(14.0) Staves
 - Level 1.7 Armour
 - Level 1.7 Dodging


You had 9 spell levels left.
You didn't know any spells.
Your spell library was empty.

Dungeon Overview and Level Annotations

Branches:
Dungeon (9/15)             Temple (0/1) D:4            Lair (0/5) D:9
    Orc: D:9-12

Altars:
Cheibriados
Hepliaklqana
Ru
Yredelemnul

Shops:
D:7 **

Annotations:
D:8 3 runed translucent doors, Toastz's ghost, journeyman VSFi


Innate Abilities, Weirdness & Mutations

You have a pair of antennae on your head.
You regenerate a little health from kills.
You are mostly covered in razor-sharp scales. (AC +2, Slay +2)


Message History

The basilisk gazes at you.
You are slowing down.
You hit the basilisk.
The basilisk seems to grow stronger.
The basilisk is almost dead.
The yak gores you. The basilisk bites you!
Your limbs are stiffening.
You hit the basilisk. You freeze the basilisk.
You kill the basilisk!
Trog accepts your kill. The yak gores you!
You have turned to stone.
Your Fighting skill increases to level 11!
The yak gores you! x2
The yak gores you. x2
The yak gores you but does no damage. x2
The yak snorts and paws the ground.
The yak gores you! x2
You feel yourself speed up. The yak gores you!
The yak gores you but does no damage. The yak gores you. The yak gores you!
The yak gores you but does no damage. x2
The yak gores you. The yak barely misses you.
You turn to flesh and can move again.
You hit the yak.
The yak is lightly wounded.
The yak barely misses you. The yak gores you.
You barely miss the yak.
The yak is lightly wounded.
You barely miss the yak.
The yak is lightly wounded.
The yak gores you!
* * * LOW HITPOINT WARNING * * *
The yak closely misses you.
Your skin crawls.
You feel strong-willed. The yak gores you!
* * * LOW HITPOINT WARNING * * *
The yak gores you.
* * * LOW HITPOINT WARNING * * *
As you read the scroll of teleportation, it crumbles to dust.
You feel strangely unstable. The yak gores you!
You die...

.... #.. ###'#####
..... ###.######
#...#
......#........#
##'###
..^............#
#...# ........))...#
#.###
.........))..###.#..
...##..........#.#.#
#........#Y#.#.#
#........#@Y.#.#
#........###...#
#........# #####
##########


You could see 2 yaks.

Vanquished Creatures
  9 yaks (D:9)
  A wyvern (D:8)
  A basilisk (D:9)
  2 steam dragons
  5 water moccasins
  2 orc warriors
  2 ice beasts
  3 black bears
  4 ogres
  3 centaurs
  A kobold brigand (D:7)
  A phantom (D:5)
  A gnoll sergeant (D:7)
  2 bullfrogs
  6 scorpions
  2 necrophages (D:6)
  11 wights
  8 killer bees
  8 hounds
  A jelly (D:5)
  A gnoll bouda (D:8)
  4 orc priests
  Crazy Yiuf (D:2)
  4 orc wizards
  6 iguanas
  9 gnolls
  9 adders
  2 white imps
  4 worms
  A dart slug (D:1)
  26 orcs
  7 endoplasms
  2 giant cockroaches (D:1)
  7 goblins
  7 hobgoblins
  3 quokkas
  8 ball pythons
  4 bats
  4 frilled lizards
  12 kobolds
  8 rats
202 creatures vanquished.

Vanquished Creatures (others)
  An orc zombie (D:8)
  5 bushes (D:9)
  2 fungi (D:9)
  29 plants
37 creatures vanquished.

Grand Total: 239 creatures vanquished

Notes
Turn   | Place    | Note
-------+----------+-------------------------------------------
     0 | D:1      | XZede the Demonspawn Berserker began the quest for the Orb.
     0 | D:1      | Reached XP level 1. HP: 18/18 MP: 1/1
   548 | D:1      | Found a faded altar of an unknown god.
   652 | D:1      | Gained mutation: You are partially covered in razor-sharp
                  | scales. (AC +1, Slay +1) [demonic ancestry]
   652 | D:1      | Reached XP level 2. HP: 24/24 MP: 2/2
  1598 | D:2      | Reached skill level 1 in Axes
  1642 | D:2      | Gained mutation: You are mostly covered in razor-sharp
                  | scales. (AC +2, Slay +2) [demonic ancestry]
  1642 | D:2      | Reached XP level 3. HP: 29/29 MP: 3/3
  2070 | D:2      | Found a runed translucent door.
  2071 | D:2      | Noticed Crazy Yiuf
  2445 | D:2      | Killed Crazy Yiuf
  2446 | D:2      | Reached XP level 4. HP: 26/37 MP: 4/4
  2914 | D:3      | Identified the +1 battleaxe of Gozag's Favour {drain,
                  | rElec}
  2926 | D:3      | Reached skill level 1 in Staves
  3025 | D:3      | Found a snail-covered altar of Cheibriados.
  3210 | D:3      | Found a sacrificial altar of Ru.
  3215 | D:3      | Reached ** piety under Trog
  3637 | D:4      | Reached skill level 2 in Staves
  3637 | D:4      | Gained mutation: You have a pair of small antennae on your
                  | head. [demonic ancestry]
  3637 | D:4      | Reached XP level 5. HP: 26/42 MP: 5/5
  3764 | D:4      | Reached skill level 3 in Staves
  3987 | D:4      | Gained mutation: You regenerate a little health from kills.
                  | [demonic ancestry]
  3987 | D:4      | Reached XP level 6. HP: 43/49 MP: 6/6
  4046 | D:4      | Reached skill level 4 in Staves
  4355 | D:4      | Found a staircase to the Ecumenical Temple.
  4595 | D:5      | Entered Level 5 of the Dungeon
  4644 | D:5      | Reached skill level 5 in Staves
  4644 | D:5      | Reached XP level 7. HP: 36/55 MP: 7/7
  4884 | D:5      | Reached skill level 6 in Staves
  5244 | D:5      | Reached skill level 7 in Staves
  5468 | D:5      | Reached *** piety under Trog
  5576 | D:6      | Reached XP level 8. HP: 61/61 MP: 8/8
  5581 | D:6      | Reached skill level 8 in Staves
  5741 | D:6      | Found a hazy altar of Hepliaklqana.
  5793 | D:6      | Reached skill level 9 in Staves
  6206 | D:6      | Reached skill level 10 in Staves
  6668 | D:7      | Found Zifaic's Specific Store.
  6669 | D:7      | Found Comeso's General Store.
  6688 | D:7      | Identified the +4 robe "Meweo" {Dex+3}
  6710 | D:7      | Reached skill level 11 in Staves
  6752 | D:7      | Reached skill level 12 in Staves
  6860 | D:7      | Reached XP level 9. HP: 62/66 MP: 9/9
  7033 | D:7      | Reached skill level 13 in Staves
  7347 | D:8      | Found a basalt altar of Yredelemnul.
  7383 | D:8      | Reached skill level 5 in Fighting
  7431 | D:8      | HP: 1/97 [wight/+0 war axe (6)]
  8108 | D:8      | Found a runed translucent gate.
  8108 | D:8      | Found a runed translucent gate.
  8108 | D:8      | Found a runed translucent gate.
  8108 | D:8      | Noticed Toastz's ghost (journeyman VSFi)
  8109 | D:8      | Noticed a nine-headed hydra
  8180 | D:8      | Gained mutation: You have a pair of antennae on your head.
                  | [demonic ancestry]
  8180 | D:8      | Reached XP level 10. HP: 80/80 MP: 10/10
  8782 | D:9      | Reached **** piety under Trog
  8874 | D:9      | Found a staircase to the Lair.
  8943 | D:9      | Reached skill level 10 in Fighting
  9272 | D:9      | Slain by a yak

Illustrated notes

Levels and vault maps discovered:
D:1:      spicycebolla_arrival_clurvy, layout_basic,
          shapermc_ecumenical_altar_ellora
D:2:      layout_basic, uniq_crazy_yiuf_cottage
D:3:      layout_loops_corners, mainiacjoe_overflow_boulevard,
          cheibriados_altar_1
D:4:      kennysheep_big_flooded_room, layout_cave_pools, lemuel_tele_altar,
          minmay_temple_entry_statues_fountains, minmay_checkerbox
D:5:      layout_basic, portal_sewer_entry_d, minmay_misc_feat_secret_circle
D:6:      layout_basic, mainiacjoe_overflow_small_starburst,
          serial_bayou_ford_a, corexii_hall_statues_i, minmay_fountain_box
D:7:      layout_basic, nicolae_specific_store, minmay_bent
D:8:      layout_cave_pools, mainiacjoe_overflow_tiny_flanked,
          gammafunk_ghost_hydra_chop, wad_rectangle_vault
D:9:      layout_roguey, minmay_lair_entry_grove

Skill      XL: |  1  2  3  4  5  6  7  8  9 10 |
---------------+-------------------------------+-----
Polearms       | 3 |  3.2
Axes           | 1 2 |  2.1
Staves         | 2 3 5 7 12 13 | 13.8
Fighting       | 4 8 11 | 11.0
Armour         | |  1.7
Dodging        | |  1.7

Action                   |  1- 3 |  4- 6 |  7- 9 | 10-12 || total
-------------------------+-------+-------+-------+-------++-------
Melee: Spear             |    35 |       |       |       ||    35
       Hand axe          |    59 |       |       |       ||    59
       Quarterstaff      |       |   121 |   231 |   100 ||   452
Invok: Berserk           |     2 |     1 |     9 |     3 ||    15
       Trog's Hand       |       |     2 |     2 |     3 ||     7
  Use: Scroll            |       |    10 |    10 |     2 ||    22
       Potion            |       |       |     2 |       ||     2
 Stab: Sleeping          |     2 |       |       |     1 ||     3
       Paralysed         |       |       |     1 |       ||     1
       Petrifying        |       |       |     1 |       ||     1
       Confused          |       |       |       |     1 ||     1
Armor: Leather armour    |    15 |     3 |       |       ||    18
       Animal skin       |     4 |       |       |       ||     4
       Scale mail        |       |    52 |    58 |       ||   110
       Robe              |       |       |    52 |    29 ||    81
Dodge: Dodged            |    61 |    74 |   159 |    86 ||   380
